Map: [TLMC15] Hardwire

Players

LiquidClem (Clem) - Winner!

  • Race: Terran Terran

DPGrogue (Rogue)

  • Race: Zerg Zerg

Event: StayAtHome Story Cup #4

VOD

Have the link to the VOD?

Description

Time

  • Played on: Oct. 22, 2021, 10:23 a.m.
  • Length: 8:56

All games in this series

Show
View Real Time Build Order
Export as new Build Order

LiquidClem Terran - Winner!

Build Orders:  

Get SALT Encoding   

  12  0:00  SCV  
  13  0:12  SCV  
  14  0:17  Supply Depot  
  14  0:24  SCV  
  15  0:38  SCV  
  15  0:40  Barracks  
  16  0:43  Refinery  
  16  0:50  SCV  
  17  1:03  SCV  
  18  1:15  SCV  
  19  1:27  Barracks Reactor, Orbital Command  
  19  1:39  Command Center  
  19  1:47  Supply Depot  
  19  1:52  SCV  
  20  2:02  Factory  
  20  2:04  Marine  
  20  2:07  Marine  
  22  2:10  SCV  
  23  2:15  Refinery  
  23  2:22  SCV, Marine  
  24  2:25  Marine  
  26  2:34  SCV  
  27  2:46  SCV, Starport  
  27  2:49  Marine  
  27  2:51  Orbital Command  
  29  2:56  Hellion  
  31  3:01  Hellion  
  31  3:03  SCV  
  34  3:11  Marine  
  34  3:12  Supply Depot  
  35  3:16  SCV  
  35  3:17  SCV  
  37  3:22  Medivac  
  37  3:25  Hellion  
  41  3:29  Hellion  
  41  3:32  SCV  
  44  3:34  SCV  
  44  3:36  Marine  
  44  3:41  Supply Depot  
  46  3:44  SCV  
  46  3:46  SCV  
  46  3:48  Fusion Core  
  48  3:53  Starport Tech Lab  
  48  3:56  SCV  
  48  3:58  SCV  
  48  4:00  Hellion  
  48  4:01  Hellion  
  54  4:05  Supply Depot  
  54  4:08  SCV  
  55  4:10  SCV  
  55  4:12  Marine  
  57  4:21  SCV  
  57  4:22  SCV  
  57  4:24  Hellion  
  61  4:27  Hellion  
  63  4:35  Battlecruiser  
  70  4:43  Supply Depot  
  69  4:48  Command Center  
  69  4:50  SCV  
  70  4:57  Barracks Tech Lab  
  70  5:01  Supply Depot  
  70  5:04  Factory Reactor  
  70  5:05  SCV x2  
  72  5:11  Barracks  
  72  5:12  Barracks  
  72  5:17  SCV x2, Marine  
  72  5:18  Stimpack  
  72  5:19  Supply Depot  
  75  5:29  SCV x2  
  75  5:31  Engineering Bay  
  75  5:32  Engineering Bay  
  75  5:35  Marine  
  78  5:36  Refinery  
  78  5:37  Refinery  
  78  5:41  SCV x2  
  78  5:53  SCV, Marine  
  78  5:55  Barracks, Starport Reactor  
  78  5:56  Barracks  
  79  6:00  Marine  
  79  6:01  Orbital Command  
  80  6:04  Terran Infantry Weapons Level 1, Terran Infantry Armor Level 1  
  80  6:06  Marine  
  80  6:07  SCV  
  80  6:11  Marine  
  80  6:12  Marine  
  80  6:14  Marine  
  80  6:18  SCV  
  84  6:21  Marine  
  84  6:22  Siege Tank  
  84  6:23  SCV  
  84  6:24  Supply Depot  
  87  6:26  Orbital Command  
  87  6:30  SCV  
  88  6:33  Supply Depot  
  88  6:34  Supply Depot  
  88  6:35  SCV, Marine  
  88  6:38  Marine x2  
  92  6:40  Medivac  
  92  6:41  Medivac  
  92  6:42  SCV  
  92  6:44  Marine  
  98  6:48  Barracks Reactor x2  
  98  6:52  SCV  
  98  6:53  SCV  
  98  6:54  SCV, Marine  
  99  6:58  Combat Shield  
  99  6:59  Marine  
  99  7:00  Siege Tank  
  102  7:03  Marine  
  102  7:04  SCV  
  102  7:05  SCV  
  102  7:07  Marine x2  
  102  7:08  SCV  
  100  7:13  Supply Depot  
  100  7:15  Marine, Medivac  
  100  7:16  SCV, Marine  
  100  7:21  Marine  
  104  7:24  SCV x2  
  104  7:25  Marine x3, Factory  
  104  7:26  Refinery, Marine x3  
  112  7:33  Marine  
  112  7:34  Marine  
  114  7:37  Supply Depot  
  114  7:38  SCV x2  
  114  7:39  Marine  
  114  7:40  Siege Tank  
  114  7:41  Supply Depot  
  114  7:42  Marine, Medivac  
  124  7:44  SCV  
  124  7:46  Marine x3  
  124  7:48  Marine  
  124  7:50  SCV  
  129  7:53  Missile Turret, Medivac  
  129  7:55  SCV  
  129  7:56  Bunker  
  129  7:58  Supply Depot, Marine x2  
  134  7:59  SCV  
  134  8:00  Marine  
  134  8:04  SCV  
  137  8:06  Marine x2  
  137  8:07  Marine x2  
  137  8:08  Armory  
  137  8:09  SCV, Marine  
  137  8:10  Marine  
  144  8:16  Marine x2  
  144  8:17  Siege Tank  
  144  8:18  Marine  
  149  8:24  Marine x2  
  149  8:25  Marine x2  
  148  8:27  Marine  
  148  8:30  Marine  
  148  8:33  Marine x2  
  133  8:35  Marine  
  118  8:42  SCV x3  
Show
View Real Time Build Order
Export as new Build Order

DPGrogue Zerg 

Build Orders: Hatch First 

Get SALT Encoding   

  12  0:00  Drone  
  13  0:12  Overlord  
  13  0:17  Drone  
  14  0:30  Drone x2  
  16  0:47  Hatchery  
  15  0:50  Drone  
  15  0:54  Drone  
  17  0:57  Drone  
  18  1:08  Extractor  
  17  1:13  Spawning Pool  
  17  1:15  Drone  
  17  1:18  Drone  
  18  1:29  Drone  
  19  1:39  Drone  
  20  1:49  Drone  
  21  1:59  Queen  
  21  2:00  Queen, Zergling x4  
  27  2:10  Overlord  
  27  2:12  Drone  
  28  2:19  Hatchery  
  27  2:23  Drone  
  29  2:30  Drone  
  29  2:31  Drone  
  29  2:34  Drone  
  31  2:38  Queen  
  31  2:43  Metabolic Boost  
  33  2:46  Overlord  
  33  2:50  Drone  
  34  2:53  Drone  
  34  2:55  Drone  
  36  3:09  Drone  
  36  3:10  Drone x4  
  41  3:13  Queen  
  41  3:18  Overlord  
  43  3:20  Drone  
  44  3:32  Queen  
  44  3:34  Overlord  
  45  3:38  Zergling x6  
  45  3:40  Queen  
  45  3:41  Drone x2  
  52  3:44  Drone x3  
  55  3:50  Drone x2  
  55  3:53  Queen  
  59  3:58  Overlord  
  59  4:01  Drone x3  
  62  4:06  Zergling x6  
  65  4:13  Overlord  
  65  4:16  Queen  
  67  4:19  Lair  
  67  4:25  Drone x6  
  73  4:32  Overlord  
  73  4:35  Drone x2, Extractor  
  73  4:36  Extractor  
  73  4:43  Drone x6  
  79  4:45  Extractor  
  79  4:51  Drone  
  79  4:52  Overlord  
  77  5:00  Drone x5  
  77  5:01  Evolution Chamber x2  
  77  5:03  Drone x2  
  77  5:06  Drone x3  
  85  5:09  Spore Crawler  
  83  5:15  Drone x2, Extractor  
  83  5:16  Extractor  
  83  5:17  Overseer  
  83  5:18  Roach Warren  
  82  5:22  Spore Crawler  
  82  5:23  Spore Crawler  
  82  5:25  Spire  
  82  5:27  Zergling x12  
  85  5:33  Drone x4  
  88  5:39  Overlord  
  87  5:43  Drone x4  
  89  5:50  Zergling x2  
  89  5:54  Overlord  
  89  5:56  Overlord  
  89  5:59  Overlord  
  89  6:01  Zerg Missile Weapons Level 1, Zerg Ground Armor Level 1  
  89  6:03  Drone x5  
  91  6:12  Overlord  
  91  6:15  Overlord  
  91  6:17  Overseer  
  90  6:19  Overlord  
  90  6:21  Overlord  
  90  6:25  Glial Reconstitution  
  90  6:33  Drone  
  90  6:37  Roach  
  90  6:38  Roach x3  
  99  6:41  Roach  
  99  6:44  Hatchery  
  99  6:46  Roach  
  102  6:53  Roach  
  102  6:54  Roach x4  
  112  7:00  Roach  
  110  7:08  Roach x7  
  110  7:09  Roach  
  110  7:12  Roach x2  
  124  7:20  Roach  
  124  7:21  Overlord  
  124  7:22  Overlord  
  125  7:24  Overlord  
  125  7:28  Overlord  
  125  7:29  Overlord  
  124  7:35  Roach x4  
  124  7:36  Overlord x2  
  129  7:40  Overlord x4  
  130  7:44  Ravager  
  130  7:45  Ravager x2  
  130  7:46  Ravager x2  
  130  7:47  Ravager x7  
  130  7:50  Roach x3  
  147  7:51  Roach  
  147  7:54  Roach  
  147  7:57  Roach  
  153  8:00  Roach x2  
  153  8:03  Roach  
  159  8:07  Overseer  
  159  8:09  Zergling x6  
  159  8:10  Ravager x2  
  164  8:15  Zergling x8  
  167  8:22  Zergling x2  
  167  8:23  Zergling x10  
  167  8:25  Zergling x2  
  164  8:33  Roach  
  139  8:36  Roach x2  
  139  8:37  Roach  
Tags
 
Add a new tag
Caveats
  • Supply blocks, unpowered buildings, or Contaminate may cause inaccurate times.
  • Supply counts are checked every 10 seconds.